[Event "*** SCC Grand Prix: Titled Tuesday Blitz"]
[Site "Chess.com"]
[Date "2020.08.25"]
[Round "5"]
[White "chenxiaoyuer"]
[Black "murtas73"]
[Result "1-0"]
[WhiteElo "2438"]
[BlackElo "2641"]
[TimeControl "180+1"]
[EndTime "10:56:18 PDT"]
[Termination "chenxiaoyuer won on time"]

1. e4 c5 2. Nf3 e6 3. d4 cxd4 4. Nxd4 Nf6 5. Nc3 d6 6. Be2 Be7 7. O-O O-O 8. f4 Nc6 9. Be3 e5 10. Nb3 exf4 11. Rxf4 Be6 12. Nd4 Ne5 13. Qd2 Rc8 14. Raf1 a6 15. a4 Ng6 16. R4f2 Qd7 17. Nf5 Bxf5 18. Rxf5 1-0

[Event "*** SCC Grand Prix: Titled Tuesday Blitz"]
[Site "Chess.com"]
[Date "2020.08.25"]
[Round "5"]
[White "FearNoEvil12"]
[Black "BikingBrian"]
[Result "1/2-1/2"]
[WhiteElo "1972"]
[BlackElo "2268"]
[TimeControl "180+1"]
[EndTime "10:56:19 PDT"]
[Termination "Game drawn by agreement"]

1. e4 c5 2. Nc3 Nc6 3. f4 g6 4. Nf3 Bg7 5. Bc4 e6 6. f5 Nge7 7. fxg6 hxg6 8. d3 d5 9. Bb3 a6 10. a4 b6 11. O-O Qd6 12. g3 Bb7 13. Bf4 Qd7 14. Ng5 f6 15. Nf3 O-O-O 16. Qe2 Nd4 17.
Nxd4 cxd4 18. Nd1 e5 19. Bd2 Rh5 20. Nf2 Rdh8 21. h4 g5 22. hxg5 fxg5 23. g4 Rh4 24.
Qf3 Rf8 25. Qg3 Bf6 26. Kg2 Ng6 27. Rh1 Nf4+ 28. Bxf4 exf4 29. Qf3 Rfh8 30. Rxh4 Rxh4 31. Rh1 Rxh1 32. Kxh1 Qh7+ 33. Kg2 dxe4 34. Nxe4 Bxe4 35. dxe4 Be5 36. Be6+ Kb8 37. Bf5 Qc7 38. Qd3 Ka7 39.
b4 Qd6 40. Qc4 Qc7 41. Qxc7+ Bxc7 1/2-1/2

[Event "*** SCC Grand Prix: Titled Tuesday Blitz"]
[Site "Chess.com"]
[Date "2020.08.25"]
[Round "5"]
[White "GM_dmitrij"]
[Black "wannabe2700"]
[Result "1-0"]
[WhiteElo "2884"]
[BlackElo "2635"]
[TimeControl "180+1"]
[EndTime "10:56:20 PDT"]
[Termination "GM_dmitrij won by resignation"]

1. e4 c6 2. d4 d5 3. e5 Bf5 4. h4 h5 5. Bd3 Bxd3 6. Qxd3 Qa5+ 7. Nd2 e6 8. Nf3 Qa6 9. c4 c5 10. O-O Nc6 11. Qb3 dxc4 12. Nxc4 cxd4 13. Bg5 Nh6 14. Nfd2 b5 15. Nd6+ Bxd6 16. exd6 Nf5 17. d7+ Kxd7 18.
Ne4 Ke8 19. Rfc1 Kf8 20. a4 b4 21. Nc5 Qc8 22. Qf3 Kg8 23. Nd3 f6 24. Rxc6 Qb7 25. Nc5 Qf7 26. Rxe6 Rc8 27. Qxf5 Rxc5 28. Qxc5 Qxe6 29.
Bd2 Qe2 30. Qxd4 Kh7 31. Re1 Qa6 32. Qe4+ g6 33. Qe7+ 1-0

[Event "*** SCC Grand Prix: Titled Tuesday Blitz"]
[Site "Chess.com"]
[Date "2020.08.25"]
[Round "5"]
[White "Vuk2000"]
[Black "hansen"]
[Result "0-1"]
[WhiteElo "2731"]
[BlackElo "2947"]
[TimeControl "180+1"]
[EndTime "10:56:22 PDT"]
[Termination "hansen won by resignation"]

1. d4 Nf6 2. Bg5 d5 3. Bxf6 exf6 4. e3 Bd6 5. c4 dxc4 6. Bxc4 f5 7. Nc3 Nd7 8. Nf3 a6 9. O-O O-O 10. Qc2 g6 11. Rfd1 Nf6 12. Rac1 c6 13. a3 Qe7 14. g3 Kg7 15. Bf1 Re8 16. Nd2 h5 17. Na4 Be6 18. Nc5 h4 19. Nxe6+ Qxe6 20. Bg2 hxg3 21. hxg3 Bxg3 22.
fxg3 Qxe3+ 23. Kf1 Qxg3 24. Nc4 Ng4 25. Rd3 Qf4+ 26.
Kg1 Re2 27. Qxe2 Qxc1+ 28. Rd1 Qf4 29. Bf3 Re8 30. Qg2 Ne3 31. Nxe3 Rxe3 32. Rf1 Qxd4 33. Qf2 Qe5 34. Rd1 Rb3 35. Rd2 Qf4 36. Bg2 Qe5 37.
Qe2 Re3 38. Qf2 g5 39. Qf1 Re1 0-1

[Event "*** SCC Grand Prix: Titled Tuesday Blitz"]
[Site "Chess.com"]
[Date "2020.08.25"]
[Round "5"]
[White "Maksimus1998"]
[Black "Playgood28"]
[Result "1/2-1/2"]
[WhiteElo "2596"]
[BlackElo "2348"]
[TimeControl "180+1"]
[EndTime "10:56:22 PDT"]
[Termination "Game drawn by repetition"]

1. e4 e5 2. Nf3 d6 3. d4 exd4 4. Nxd4 Nf6 5. Nc3 Be7 6. Bc4 O-O 7. O-O Nxe4 8. Nxe4 d5 9. Bd3 dxe4 10. Bxe4 Re8 11. Re1 Bf6 12. c3 c5 13. Nb5 Qxd1 14. Rxd1 Rxe4 15. Nc7 Na6 16. Nxa8 Bf5 17. Be3 Re8 18. Nc7 Nxc7 19. Bxc5 b6 20. Bd4 Bxd4 21. Rxd4 Be6 22. c4 Kf8 23. Kf1 Ke7 24. b3 Rd8 25. Rxd8 Kxd8 26.
Ke2 Ke7 27. Ke3 h6 28. Kd4 Kd6 29. b4 a5 30. bxa5 bxa5 31. Rb1 Kc6 32. Rb8 h5 33. h4 g6 34. g3 Bf5 35. Kc3 Be6 36. Kb3 Na6 37. Ra8 Kb7 38. Re8 Nc5+ 39. Kc3 Ne4+ 40.
Kd4 Nxf2 41. Re7+ Kc6 42. c5 Ng4 43. Ra7 Kb5 44. Rb7+ Kc6 45. Ra7 Kb5 46. Rb7+ Kc6 47. Ra7 1/2-1/2

[Event "*** SCC Grand Prix: Titled Tuesday Blitz"]
[Site "Chess.com"]
[Date "2020.08.25"]
[Round "5"]
[White "Irishchessman16"]
[Black "Larina_Marija"]
[Result "1-0"]
[WhiteElo "2338"]
[BlackElo "2085"]
[TimeControl "180+1"]
[EndTime "10:56:22 PDT"]
[Termination "Irishchessman16 won by checkmate"]

1. d4 f5 2. Bg5 g6 3. h4 Bg7 4. h5 h6 5. Bc1 g5 6. Qd3 d6 7. g3 Nf6 8. Bh3 e6 9. c4 Qe7 10. Nc3 Nc6 11. e3 Bd7 12. Nge2 O-O-O 13. a3 Nxh5 14. Bxf5 exf5 15. Rxh5 Qf7 16. Rh1 Ne7 17.
Bd2 Bc6 18. d5 Bd7 19. b4 Ng6 20. f4 Rde8 21. c5 gxf4 22. gxf4 Qf6 23. c6 bxc6 24. Qa6+ Kd8 25. dxc6 Bc8 26. Qxa7 Nh4 27. Kf2 h5 28. b5 Qe7 29. Nd5 Qf7 30. Ba5 Re7 31. Nxe7 Qxe7 32. Rad1 Re8 33. Rd3 Ng6 34. Rhd1 h4 35. Rxd6+ Qxd6 36.
Rxd6+ Ke7 37. Qxc7+ Kf8 38. Rxg6 Kg8 39. Qxg7# 1-0

[Event "*** SCC Grand Prix: Titled Tuesday Blitz"]
[Site "Chess.com"]
[Date "2020.08.25"]
[Round "5"]
[White "Miss_JJ20"]
[Black "bocah_sakit"]
[Result "0-1"]
[WhiteElo "2412"]
[BlackElo "2622"]
[TimeControl "180+1"]
[EndTime "10:56:28 PDT"]
[Termination "bocah_sakit won by resignation"]

1. d4 Nf6 2. c4 g6 3. g3 Bg7 4.
Bg2 O-O 5. Nc3 d6 6. Nf3 Nc6 7. O-O e5 8. dxe5 dxe5 9. Bg5 Be6 10. Qa4 Qc8 11. Rfd1 Nd7 12. Nd5 Re8 13. e4 Bg4 14. Qa3 h6 15. Be3 Nb6 16. Rac1 Kh8 17. b4 Nd4 18.
Bxd4 exd4 19. Re1 c6 20. Nf4 Kh7 21. h3 Bd7 22. h4 Bg4 23. c5 Nd7 24. Qd3 Bxf3 25.
Qxf3 Ne5 26. Qd1 Qc7 27. Nd3 a5 28. a3 axb4 29. axb4 Ra3 30. Nxe5 Bxe5 31. Ra1 Rea8 32. Rxa3 Rxa3 33. Re2 d3 34. Rd2 Ra1 0-1

[Event "*** SCC Grand Prix: Titled Tuesday Blitz"]
[Site "Chess.com"]
[Date "2020.08.25"]
[Round "5"]
[White "rududuyk"]
[Black "Djager97"]
[Result "1-0"]
[WhiteElo "2171"]
[BlackElo "2439"]
[TimeControl "180+1"]
[EndTime "10:56:28 PDT"]
[Termination "rududuyk won by checkmate"]

1. e4 e5 2. Nf3 Nc6 3. Nc3 Nf6 4. d4 exd4 5. Nd5 h6 6. Nxd4 Nxd4 7. Qxd4 Nxd5 8. exd5 Qe7+ 9. Be3 Qb4+ 10. Qxb4 Bxb4+ 11. c3 Be7 12. Bd4 O-O 13. Bd3 d6 14. O-O Bd7 15. Rfe1 Rfe8 16. Re2 a6 17. Rae1 Bf8 18. Rxe8 Bxe8 19.
f3 Bd7 20. Kf2 g6 21. Re2 Bg7 22. Bxg7 Kxg7 23. Re7 Rd8 24. c4 Kf6 25. Re2 a5 26. b3 b6 27. Re4 Bf5 28. Rf4 Ke5 29. Ke3 Bxd3 30. Rxf7 Bb1 31. f4# 1-0

[Event "*** SCC Grand Prix: Titled Tuesday Blitz"]
[Site "Chess.com"]
[Date "2020.08.25"]
[Round "5"]
[White "WiktoriaPOL"]
[Black "annamaja"]
[Result "1-0"]
[WhiteElo "1927"]
[BlackElo "2252"]
[TimeControl "180+1"]
[EndTime "10:56:28 PDT"]
[Termination "WiktoriaPOL won on time"]

1. c4 e5 2. Nc3 Nf6 3. Nf3 Nc6 4. e4 d6 5. d4 Bg4 6. d5 Nd4 7. Be2 Bxf3 8. Bxf3 Be7 9. Be3 c5 10. dxc6 Nxc6 11.
Nd5 O-O 12. O-O Rc8 13. Rc1 Nd7 14. Qd2 f5 15. exf5 Rxf5 16. Bg4 Rf8 17. Nxe7+ Qxe7 18. Rfd1 Nd4 19. Bxd4 exd4 20. Qxd4 Rf6 21. Qd5+ Kh8 22.
Qxb7 Rd8 23. c5 h5 24. Bh3 Qf7 25. c6 Rxf2 26. c7 Rf8 27. c8=Q Rxc8 28. Qxc8+ Kh7 29. Qxd7 Qf4 30. Qxd6 Qe3 31. Qd3+ 1-0

[Event "*** SCC Grand Prix: Titled Tuesday Blitz"]
[Site "Chess.com"]
[Date "2020.08.25"]
[Round "5"]
[White "elcandado"]
[Black "Skatchkov_V"]
[Result "0-1"]
[WhiteElo "2510"]
[BlackElo "2683"]
[TimeControl "180+1"]
[EndTime "10:56:31 PDT"]
[Termination "Skatchkov_V won by resignation"]

1. d4 Nf6 2. Bf4 e6 3. e3 d5 4. Nd2 Be7 5. Bd3 O-O 6. Ngf3 Nh5 7. Bg3 f5 8. Ne5 Nf6 9. Qf3 Nbd7 10. Nxd7 Bxd7 11. Be5 c5 12. c3 Ng4 13. Bf4 Qb6 14.
Rb1 c4 15. Bc2 Qa5 16. h3 Nf6 17. g4 Qxa2 18. gxf5 exf5 19. Rg1 Ne4 20. Be5 Rf7 21. Qg2 g6 22. f3 Nxc3 23. bxc3 Qxc2 24. Rxb7 Bh4+ 25.
Bg3 Bxg3+ 26. Qxg3 Qxc3 27. Qe5 Re8 28. Qxd5 Rxe3+ 29. Kf1 Qxd2 0-1

[Event "*** SCC Grand Prix: Titled Tuesday Blitz"]
[Site "Chess.com"]
[Date "2020.08.25"]
[Round "5"]
[White "markberk"]
[Black "TST2014"]
[Result "1/2-1/2"]
[WhiteElo "2361"]
[BlackElo "2498"]
[TimeControl "180+1"]
[EndTime "10:56:31 PDT"]
[Termination "Game drawn by repetition"]

1. Nf3 Nf6 2. g3 c5 3. Bg2 Nc6 4. d4 cxd4 5. Nxd4 e5 6. Nxc6 dxc6 7. Qxd8+ Kxd8 8. O-O Kc7 9. Nc3 Bf5 10. Bg5 Bb4 11.
Bxf6 gxf6 12. Ne4 Be7 13. f4 Be6 14. f5 Bc4 15. Bf3 h5 16. h4 Rad8 17. Rad1 Bd5 18. Rd3 a5 19. Nc3 Bxf3 20. Rfxf3 b5 21. Rxd8 Rxd8 22.
Rd3 Rg8 23. Kg2 Rg4 24. Kf3 a4 25. Ne4 Rg8 26. Rd1 a3 27. b3 Ra8 28. Rd3 Rg8 29. Rd1 Ra8 30. Rd3 Rg8 31. Rd1 1/2-1/2

[Event "*** SCC Grand Prix: Titled Tuesday Blitz"]
[Site "Chess.com"]
[Date "2020.08.25"]
[Round "5"]
[White "politeplayer"]
[Black "dpopadic"]
[Result "0-1"]
[WhiteElo "2202"]
[BlackElo "2361"]
[TimeControl "180+1"]
[EndTime "10:56:32 PDT"]
[Termination "dpopadic won by resignation"]

1. e4 c5 2. Nf3 Nc6 3. d4 cxd4 4. Nxd4 Nf6 5. Nc3 e5 6. Ndb5 d6 7. Bg5 a6 8. Na3 b5 9. Bxf6 gxf6 10. Nd5 Bg7 11. Bd3 Ne7 12. Nxe7 Qxe7 13. c4 f5 14. cxb5 O-O 15. b6 d5 16. exd5 e4 17. Be2 Bxb2 18.
Nc2 Bc3+ 19. Kf1 Bxa1 20. Qxa1 Rb8 21. Qd4 Qd6 22. g4 fxg4 23. Ne3 f5 24. h3 Rxb6 25. hxg4 Rb1+ 26. Bd1 Qf6 27. Qxf6 Rxf6 28. gxf5 Bxf5 29. d6 Rxd6 30. Kg2 Be6 31. Rh4 Rbxd1 32. Nxd1 Rxd1 33. Rh6 Rd6 34. Kg3 Kg7 35. Rh4 Bf5 36. Kf4 Bg6 37.
Ke5 Rd2 38. Rf4 Rxa2 39. f3 e3 0-1

[Event "*** SCC Grand Prix: Titled Tuesday Blitz"]
[Site "Chess.com"]
[Date "2020.08.25"]
[Round "5"]
[White "kuban1991"]
[Black "JesseKraai"]
[Result "1-0"]
[WhiteElo "2815"]
[BlackElo "2562"]
[TimeControl "180+1"]
[EndTime "10:56:34 PDT"]
[Termination "kuban1991 won by resignation"]

1. Nf3 b6 2. g3 Bb7 3. Bg2 Nf6 4. O-O g6 5. d3 Bg7 6. e4 O-O 7. Nfd2 d5 8. Nc3 e6 9. a4 c5 10. a5 Nbd7 11. a6 Bc6 12. exd5 exd5 13. d4 Qc7 14. Nf3 Rad8 15. Bf4 Qc8 16. Re1 Rfe8 17. h3 Ne4 18. Be3 Nxc3 19. bxc3 Bb5 20. h4 h6 21. Qd2 Kh7 22. h5 g5 23. Bxg5 hxg5 24. Nxg5+ Kg8 25. Bxd5 Rxe1+ 26. Rxe1 Nf6 27. Bxf7+ Kf8 28. Bg6 Bc4 29. h6 Bh8 30. Qf4 Kg8 31. Re7 cxd4 32. Nh7 Qh3 33. Nxf6+ Bxf6 34. h7+ 1-0

[Event "*** SCC Grand Prix: Titled Tuesday Blitz"]
[Site "Chess.com"]
[Date "2020.08.25"]
[Round "5"]
[White "Chessbard1972"]
[Black "MomchilPetkov"]
[Result "0-1"]
[WhiteElo "2400"]
[BlackElo "2551"]
[TimeControl "180+1"]
[EndTime "10:56:34 PDT"]
[Termination "MomchilPetkov won on time"]

1. d4 Nf6 2. Nf3 e6 3. c4 d5 4.
Nc3 Bb4 5. e3 O-O 6. Qa4 a5 7.
a3 Bxc3+ 8. bxc3 Ne4 9. Qc2 c5 10. Bd3 b6 11. O-O Bb7 12. a4 Nd7 13. Ba3 Rc8 14. cxd5 exd5 15. Qb2 Re8 16. Nd2 Ndf6 17. f3 Nxd2 18. Qxd2 c4 19. Bf5 Rc6 20. Rae1 Bc8 21. Bb1 Rce6 22. Qf2 Bd7 23. Bc2 g6 24. Re2 Bc6 25.
Rfe1 Qd7 26. Rb1 Bxa4 27. Bxa4 Qxa4 28. Bc1 Qc6 29. Reb2 Rb8 30. Qg3 Rb7 31. Rb5 Ne8 32.
e4 Nc7 33. exd5 Nxd5 0-1

[Event "*** SCC Grand Prix: Titled Tuesday Blitz"]
[Site "Chess.com"]
[Date "2020.08.25"]
[Round "5"]
[White "Karina_Ivanova"]
[Black "Sesleria"]
[Result "1-0"]
[WhiteElo "2253"]
[BlackElo "2053"]
[TimeControl "180+1"]
[EndTime "10:56:34 PDT"]
[Termination "Karina_Ivanova won by resignation"]

1. d4 Nf6 2. Nf3 d5 3. c4 c6 4.
g3 dxc4 5. a4 a5 6. Bg2 Bf5 7.
Nc3 e6 8. Ne5 Bb4 9. Nxc4 O-O 10. O-O Nbd7 11. e4 Bg6 12. Qe2 Qc7 13. Bf4 e5 14.
Nxe5 Nxe5 15. Bxe5 Qd7 16. Rfd1 Bh5 17. Bf3 Ng4 18. Bf4 f5 19. e5 h6 20. h3 g5 21.
Bc1 Nxf2 22. Qxf2 g4 23. Be2 Rae8 24. Bxh6 Rf7 25. Bf4 Bxc3 26. bxc3 Qd5 27. c4 Qe4 28. Qe3 Qxe3+ 29. Bxe3 f4 30. Bxf4 Rxf4 31. gxf4 Rf8 32. hxg4 1-0

[Event "*** SCC Grand Prix: Titled Tuesday Blitz"]
[Site "Chess.com"]
[Date "2020.08.25"]
[Round "5"]
[White "JozefKneht"]
[Black "Gareth-Bale11"]
[Result "0-1"]
[WhiteElo "2442"]
[BlackElo "2740"]
[TimeControl "180+1"]
[EndTime "10:56:35 PDT"]
[Termination "Gareth-Bale11 won by resignation"]

1. Nf3 d5 2. d4 Nf6 3. Bf4 c5 4. e3 Nc6 5. c3 Bg4 6. Nbd2 e6 7. Be2 Be7 8. Qb3 Qc8 9. h3 Bh5 10. g4 Bg6 11. Ne5 Nxe5 12. dxe5 c4 13. Qd1 Nd7 14. Bg3 Qc7 15. f4 Qb6 16. Kf2 Qxb2 17. f5 exf5 18. Rb1 Qxc3 19. Rxb7 Rd8 20. Rxa7 Bc5 21. Rxd7 Rxd7 22.
Kg2 O-O 23. Nxc4 fxg4 24. Rf1 Ra7 25. Nd6 Rxa2 26. Bf4 gxh3+ 27. Kg3 Bxe3 28. Rf3 Bxf4+ 29. Kxf4 Qb4+ 30. Kg3 Qb2 31. Rf2 Qxe5+ 0-1

[Event "*** SCC Grand Prix: Titled Tuesday Blitz"]
[Site "Chess.com"]
[Date "2020.08.25"]
[Round "5"]
[White "Mikhail_Golubev"]
[Black "Khazieva_Elza"]
[Result "1-0"]
[WhiteElo "2624"]
[BlackElo "2416"]
[TimeControl "180+1"]
[EndTime "10:56:35 PDT"]
[Termination "Mikhail_Golubev won by resignation"]

1. e4 c5 2. Nf3 d6 3. d4 cxd4 4. Nxd4 Nf6 5. Nc3 Nc6 6. Bc4 e6 7. Be3 Be7 8. Qe2 Qc7 9. O-O-O Nxd4 10. Bxd4 a6 11. Bb3 O-O 12. Rhg1 b5 13. g4 Nd7 14. g5 Nc5 15. Qh5 b4 16. Nd5 Nxb3+ 17. axb3 exd5 18. Qh6 f6 19. gxf6 Bxf6 20. Bxf6 Rf7 21.
Rxd5 Be6 22. Rdg5 Ra7 23. Bxg7 Rxg7 24. Qxe6+ 1-0

[Event "*** SCC Grand Prix: Titled Tuesday Blitz"]
[Site "Chess.com"]
[Date "2020.08.25"]
[Round "5"]
[White "YIYUKI"]
[Black "ZenBull"]
[Result "0-1"]
[WhiteElo "2285"]
[BlackElo "2145"]
[TimeControl "180+1"]
[EndTime "10:56:36 PDT"]
[Termination "ZenBull won by resignation"]

1. e4 c5 2. Nf3 e6 3. d3 Nc6 4. g3 d5 5. Qe2 Nf6 6. Bg2 Be7 7. O-O Qc7 8. e5 Nd7 9. Re1 h6 10. h4 b6 11. c4 d4 12. Nbd2 Bb7 13. a3 a5 14. Rb1 a4 15. Nf1 Na5 16. Bf4 Bc6 17. N3d2 Bxg2 18. Kxg2 Qc6+ 19. Qe4 Qxe4+ 20. Nxe4 O-O-O 21. Nfd2 Kb7 22. b4 axb3 23. Nxb3 Ra8 24. h5 Kc6 25. g4 Nxb3 26. Rxb3 Ra6 27. Reb1 Rha8 28. g5 hxg5 29. Bxg5 Bxg5 30. Nxg5 Rxa3 31. Nxf7 Rxb3 32. Rxb3 Rf8 33. Ng5 Rf5 34. Nxe6 Rxe5 35. Nf4 Rf5 36. Kg3 Ne5 37. Ra3 Rg5+ 38. Kh3 Rf5 39. Kg3 Rg5+ 40.
Kh3 Rf5 41. Nd5 Rxh5+ 42. Kg3 Rf5 43. Ra7 Rf3+ 44. Kh4 Rxd3 45. Rc7+ Kd6 0-1

[Event "*** SCC Grand Prix: Titled Tuesday Blitz"]
[Site "Chess.com"]
[Date "2020.08.25"]
[Round "5"]
[White "mfwagnerpeixoto"]
[Black "MoreChessJulia"]
[Result "0-1"]
[WhiteElo "2250"]
[BlackElo "1899"]
[TimeControl "180+1"]
[EndTime "10:56:36 PDT"]
[Termination "MoreChessJulia won by resignation"]

1. e4 c5 2. Nf3 d6 3. d4 cxd4 4. Nxd4 Nf6 5. Nc3 a6 6. Bg5 e6 7. f4 Nbd7 8. Qf3 Qc7 9. O-O-O b5 10. g4 Bb7 11. Bxf6 gxf6 12. f5 e5 13. Nb3 O-O-O 14.
Nd5 Bxd5 15. Rxd5 Nb6 16. Rd3 Kb8 17. Rc3 Nc4 18. Kb1 d5 19. exd5 Bd6 20. Bxc4 bxc4 21.
Nd2 Ka7 22. Rxc4 Qb7 23. Qe3+ Ka8 24. Nb3 Rc8 25. Rxc8+ Rxc8 26. Rd1 Qb5 27. a3 a5 28.
Qd3 Qb6 29. Qe4 Qb5 30. Rd3 a4 31. Nc1 Rc4 32. Qe3 Rxg4 33. Rc3 e4 34. Rc6 Be5 35. c3 Rg2 36. Qb6 Rxb2+ 37. Ka1 Qxb6 38. Rxb6 Rxb6 0-1

[Event "*** SCC Grand Prix: Titled Tuesday Blitz"]
[Site "Chess.com"]
[Date "2020.08.25"]
[Round "5"]
[White "gagtemp"]
[Black "rugbyclub"]
[Result "0-1"]
[WhiteElo "1946"]
[BlackElo "2172"]
[TimeControl "180+1"]
[EndTime "10:56:36 PDT"]
[Termination "rugbyclub won by checkmate"]

1. e4 c5 2. Nf3 Nc6 3. d4 cxd4 4. Nxd4 Nf6 5. Nc3 d6 6. Bc4 Qb6 7. Nb3 e6 8. O-O a6 9. Be3 Qc7 10. Bd3 b5 11. a3 Bb7 12. Qe2 Be7 13. f4 Rc8 14. Bd2 h5 15. Rae1 h4 16. f5 e5 17. Bg5 Na5 18. Nxa5 Qxa5 19. Rd1 Qb6+ 20. Kh1 h3 21. g3 Nxe4 22. Nxe4 Bxg5 23. Qg4 Bf6 24. Rfe1 Kf8 25. Bf1 Rxc2 26. Bxh3 Qf2 27. Rxd6 Qxh2# 0-1

[Event "*** SCC Grand Prix: Titled Tuesday Blitz"]
[Site "Chess.com"]
[Date "2020.08.25"]
[Round "5"]
[White "Olga_Zhuravleva"]
[Black "AndreyNeves"]
[Result "0-1"]
[WhiteElo "2323"]
[BlackElo "2197"]
[TimeControl "180+1"]
[EndTime "10:56:37 PDT"]
[Termination "AndreyNeves won by resignation"]

1. e4 c5 2. Nf3 Nc6 3. Nc3 d6 4. d4 cxd4 5. Nxd4 Nf6 6. Nb3 g6 7. Be2 Bg7 8. O-O O-O 9. Re1 Be6 10. Bf1 Na5 11. Bg5 Nc4 12. Rb1 Rc8 13. Nd5 Bxd5 14.
exd5 b5 15. c3 Re8 16. h3 Qc7 17. Nd4 a6 18. Nf3 Qc5 19. Bxf6 Bxf6 20. Qd3 e5 21. dxe6 fxe6 22. Qe2 e5 23. g3 d5 24. Nh2 e4 25.
Ng4 Bg7 26. h4 d4 27. cxd4 Bxd4 28. b3 Nd6 29. Bg2 h5 30. Nh2 e3 31. fxe3 Rxe3 32. Qf1 Rxe1+ 0-1

[Event "*** SCC Grand Prix: Titled Tuesday Blitz"]
[Site "Chess.com"]
[Date "2020.08.25"]
[Round "5"]
[White "olksuna"]
[Black "Izoria123"]
[Result "1-0"]
[WhiteElo "2642"]
[BlackElo "2843"]
[TimeControl "180+1"]
[EndTime "10:56:38 PDT"]
[Termination "olksuna won by resignation"]

1. Nf3 g6 2. e4 d6 3. d4 Nf6 4.
Bd3 Bg7 5. O-O O-O 6. Re1 Nc6 7.
d5 Nb4 8. Bf1 Bg4 9. Na3 a5 10. h3 Bxf3 11. Qxf3 Nd7 12. c3 Na6 13. Bg5 c6 14. Rad1 Nac5 15. Nc4 Re8 16. Nxd6 Ne5 17.
Qe3 Qxd6 18. f4 a4 19. fxe5 Bxe5 20. a3 b6 21. Bc4 Qc7 22. Rf1 e6 23. Qf3 b5 24. Ba2 Nb3 25. Bxb3 axb3 26. dxc6 f6 27. Bxf6 Rf8 28. Bxe5 Qxe5 29. Qe3 Rac8 30. Rxf8+ Rxf8 31. Rd7 Qf6 32. c7 1-0

[Event "*** SCC Grand Prix: Titled Tuesday Blitz"]
[Site "Chess.com"]
[Date "2020.08.25"]
[Round "5"]
[White "Kildepiotr"]
[Black "r31415"]
[Result "1-0"]
[WhiteElo "2633"]
[BlackElo "2453"]
[TimeControl "180+1"]
[EndTime "10:56:38 PDT"]
[Termination "Kildepiotr won by resignation"]

1. Nf3 g6 2. g3 Bg7 3. d4 d6 4. Bg2 f5 5. O-O Nf6 6. Nbd2 O-O 7. c3 Nc6 8. Qc2 e5 9. dxe5 Nxe5 10. e4 fxe4 11. Nxe5 dxe5 12. Nxe4 c6 13. Bg5 Bf5 14. Qb3+ Rf7 15. Rad1 Qb6 16. Nd6 Qxb3 17. axb3 Rc7 18. Nxf5 gxf5 19. Bh3 Ng4 20. f3 Nh6 21. Bxh6 Bxh6 22.
Bxf5 Kg7 23. Rd6 Bg5 24. Rfd1 Re7 25. Kf2 Rae8 26. h4 Bf6 27. Ke3 Rc7 28. Ke4 Rf8 29. g4 h6 30. g5 hxg5 31. hxg5 Be7 32. Rg6+ Kf7 33. Rh1 Ke8 34. Re6 Kd8 35. g6 Bf6 36. Rd1+ Rd7 37. Rxd7+ Kxd7 1-0

[Event "*** SCC Grand Prix: Titled Tuesday Blitz"]
[Site "Chess.com"]
[Date "2020.08.25"]
[Round "5"]
[White "allvim"]
[Black "tsvet2005"]
[Result "1/2-1/2"]
[WhiteElo "2419"]
[BlackElo "2563"]
[TimeControl "180+1"]
[EndTime "10:56:39 PDT"]
[Termination "Game drawn by agreement"]

1. e4 c5 2. Nf3 d6 3. d4 cxd4 4. Nxd4 Nf6 5. Nc3 a6 6. Be2 e5 7. Nb3 Be7 8. O-O O-O 9. f4 b5 10.
a3 Bb7 11. Bf3 Nbd7 12. Be3 exf4 13. Bxf4 Ne5 14. Bxe5 dxe5 15. Qe2 Qb6+ 16. Kh1 Rfd8 17. Rad1 Rac8 18. Rxd8+ Rxd8 19. Rd1 h6 20. Nd5 Bxd5 21. exd5 Bd6 22. Nd2 a5 23. Ne4 Nxe4 24. Bxe4 b4 25. axb4 axb4 26. Qg4 Qf2 27. h3 Rf8 28. Qd7 Qc5 29. Qf5 g6 30. Qf6 Qc7 31. Bxg6 fxg6 32.
Qxg6+ Kh8 33. Qxh6+ Kg8 34. Qg6+ Kh8 35. Qh6+ Kg8 36.
Qg6+ 1/2-1/2

[Event "*** SCC Grand Prix: Titled Tuesday Blitz"]
[Site "Chess.com"]
[Date "2020.08.25"]
[Round "5"]
[White "InitiatingASC"]
[Black "The_Chess_Coach"]
[Result "0-1"]
[WhiteElo "2330"]
[BlackElo "2206"]
[TimeControl "180+1"]
[EndTime "10:56:39 PDT"]
[Termination "The_Chess_Coach won by checkmate"]

1. Nf3 Nf6 2. b3 g6 3. Bb2 Bg7 4. e3 O-O 5. c4 d6 6. Be2 Nc6 7. O-O e5 8. d3 Re8 9. Nbd2 Bd7 10. a3 a5 11. Qc2 Qe7 12. Ne4 Nxe4 13. dxe4 f5 14. Bd3 Rf8 15. Nd2 f4 16. exf4 Rxf4 17. Rfe1 Raf8 18. Re2 Bh6 19. Nf1 Qg5 20. Bc1 Nd4 21.
Bxf4 exf4 22. Qc1 Bh3 23. g3 Qh5 24. Raa2 Qf3 25. Ne3 fxe3 26. fxe3 Qf1+ 27. Qxf1 Rxf1# 0-1

[Event "*** SCC Grand Prix: Titled Tuesday Blitz"]
[Site "Chess.com"]
[Date "2020.08.25"]
[Round "5"]
[White "Blagorod"]
[Black "anon569"]
[Result "1-0"]
[WhiteElo "2161"]
[BlackElo "2315"]
[TimeControl "180+1"]
[EndTime "10:56:39 PDT"]
[Termination "Blagorod won on time"]

1. e4 c5 2. Nc3 Nc6 3. g3 g6 4.
Bg2 Bg7 5. d3 e6 6. Be3 Nd4 7.
f4 Ne7 8. e5 d6 9. Ne4 dxe5 10.
fxe5 Bxe5 11. c3 Ndf5 12. Bxc5 b6 13. Bf2 Ba6 14. Nf3 Bg7 15. Qa4+ b5 16. Qxa6 Qxd3 17. Nfd2 O-O 18. O-O-O Rac8 19. Bf1 Qd5 20. Qxb5 1-0

[Event "*** SCC Grand Prix: Titled Tuesday Blitz"]
[Site "Chess.com"]
[Date "2020.08.25"]
[Round "5"]
[White "Vsevolod_Ovchinnikov"]
[Black "chesslh19"]
[Result "1-0"]
[WhiteElo "2418"]
[BlackElo "2216"]
[TimeControl "180+1"]
[EndTime "10:56:40 PDT"]
[Termination "Vsevolod_Ovchinnikov won by resignation"]

1. d4 Nf6 2. c4 e6 3. g3 d5 4. Bg2 dxc4 5. Nf3 Be7 6. Qa4+ Bd7 7. Qxc4 Bc6 8. O-O Bd5 9. Qc2 Be4 10. Qb3 Bd5 11.
Qd1 c5 12. dxc5 Bxc5 13. Nc3 Bc6 14. Qc2 O-O 15. a3 Be7 16. Rd1 Nbd7 17. b4 Rc8 18.
Bb2 b6 19. Rac1 Bxf3 20. Bxf3 Qc7 21. Qb3 Ne5 22. Bg2 Qc4 23. Qa4 Rfd8 24. Qxa7 Rxd1+ 25. Rxd1 h6 26. Qxe7 1-0

[Event "*** SCC Grand Prix: Titled Tuesday Blitz"]
[Site "Chess.com"]
[Date "2020.08.25"]
[Round "5"]
[White "evgenyermolaev"]
[Black "IrinaDrogovoz"]
[Result "0-1"]
[WhiteElo "2467"]
[BlackElo "2350"]
[TimeControl "180+1"]
[EndTime "10:56:41 PDT"]
[Termination "IrinaDrogovoz won on time"]

1. d4 Nf6 2. Nc3 d5 3. Bf4 g6 4. e3 Bg7 5. f3 O-O 6. h4 c5 7.
dxc5 Qa5 8. Qd2 Qxc5 9. O-O-O Nc6 10. Nxd5 Rd8 11. Nxf6+ Bxf6 12. Bd3 Nb4 13. Kb1 Qb6 14. Bc7 Qxc7 15. Qxb4 Be6 16. Ne2 Rac8 17. h5 Rxd3 18. cxd3 Qc2+ 19. Ka1 Qxe2 20. Rc1 Rd8 21. hxg6 hxg6 22.
e4 Qxd3 23. e5 Bxe5 24. Qxe7 Qd5 25. Qa3 Rd6 26. g4 Ra6 0-1

[Event "*** SCC Grand Prix: Titled Tuesday Blitz"]
[Site "Chess.com"]
[Date "2020.08.25"]
[Round "5"]
[White "crescentmoon2411"]
[Black "Keithonsky"]
[Result "1-0"]
[WhiteElo "2770"]
[BlackElo "2548"]
[TimeControl "180+1"]
[EndTime "10:56:45 PDT"]
[Termination "crescentmoon2411 won by checkmate"]

1. e4 e6 2. d4 d5 3. Nc3 Nf6 4.
exd5 exd5 5. Bd3 Be6 6. Nge2 Nbd7 7. Nf4 Bd6 8. O-O O-O 9. h3 c6 10. Nce2 Re8 11. Ng3 Qc7 12. Qf3 g6 13. c3 Re7 14.
Nfe2 Ree8 15. Bg5 Ne4 16. Nxe4 dxe4 17. Bxe4 f5 18. Bc2 Bd5 19. Bb3 Bxb3 20. axb3 Qb6 21. c4 Be7 22. Bxe7 Rxe7 23. Rfd1 Rae8 24. Nf4 Re4 25.
d5 Ne5 26. Qg3 Nf7 27. Nh5 Qd8 28. dxc6 Qe7 29. cxb7 f4 30. Nxf4 Qxb7 31. Nd5 Kg7 32. Qc3+ Kf8 33. Nf6 Re2 34. Nxh7+ Ke7 35. Qf6# 1-0